AoeStats
← J.Try88

Arabia

508080000Analyzed
3v3 RM · 11d ago on Sep 20, 2026· 41m 45s· 6 players
Game mode
Random Map
Map size
Normal (6 player)
Population
200
Speed
Normal
Resources
Standard
Victory
Conquest
Starting age
Dark Age
Ending age
Imperial Age
RankedLock teamsTeams togetherTeam positionsShared explorationLock speedFull tech treeHidden civsTurbo modeCheats
Victory
Defeat
740
+16
🇺🇸 Wu · United States
737
+16
🇺🇸 Huns · United States
728
+16
🇳🇱 Hindustanis · Netherlands
753
-17
🇺🇸 Ethiopians · United States
727
-16
🇮🇳 Goths · India
716
-15
J.Try88
5:13 Loom
11:10 Feudal Age
12:05 Double-Bit Axe
12:04 Horse Collar
18:02 Castle Age
19:46 Bow Saw
22:33 Heavy Plow
25:27 Husbandry
26:15 Wheelbarrow
26:07 Stone Mining
26:09 Gold Mining
26:59 Scale Barding Armor
28:06 Hand Cart
27:38 Town Watch
30:18 Bloodlines
30:52 Chain Barding Armor
30:43 Forging
32:01 Light Cavalry
35:29 Imperial Age
33:54 Iron Casting
36:46 Scale Mail Armor
38:06 Chain Mail Armor
40:11 Conscription
40:44 Siege Elephant
42:26 Chemistry
41:47 Ballistics
41:34 Siege Engineers
House of Huns
c16levi.braley
10:50 Feudal Age
11:19 Double-Bit Axe
17:16 Castle Age
17:13 Horse Collar
19:17 Heavy Plow
21:15 Bow Saw
22:36 Murder Holes
30:45 Fletching
34:30 Bodkin Arrow
39:02 Imperial Age
EVOLUTIONS
5:16 Loom
10:55 Feudal Age
12:15 Double-Bit Axe
12:11 Horse Collar
19:02 Gold Mining
19:03 Stone Mining
24:03 Castle Age
25:30 Fletching
27:32 Husbandry
29:06 Gold Shaft Mining
28:49 Scale Barding Armor
30:42 Murder Holes
33:58 Chain Barding Armor
37:31 Masonry
39:51 Bodkin Arrow
Navix de los Bosques de Lituania
4:26 Loom
12:40 Feudal Age
13:42 Man-at-Arms
14:07 Arson
19:22 Long Swordsman
20:05 Horse Collar
21:11 Pikeman
24:54 Double-Bit Axe
25:59 Gold Mining
26:00 Stone Mining
26:48 Scale Mail Armor
26:58 Forging
29:38 Wheelbarrow
36:26 Castle Age
37:47 Chain Mail Armor
38:07 Iron Casting
37:50 Hand Cart
36:59 Two-Handed Swordsman
37:24 Gambesons
38:31 Squires
JustintimeHi
12:36 Feudal Age
20:00 Castle Age
18:31 Scale Mail Armor
18:32 Double-Bit Axe
19:31 Gold Mining
21:34 Bow Saw
22:03 Wheelbarrow
22:10 Wheelbarrow
21:19 Horse Collar
26:07 Hand Cart
28:22 Gold Shaft Mining
27:57 Heavy Plow
28:57 Town Watch
34:33 Imperial Age
32:59 Scale Barding Armor
33:06 Forging
37:05 Fletching
37:16 Padded Archer Armor
38:00 Iron Casting
37:25 Scale Mail Armor
39:23 Crossbowman
41:10 Pikeman
41:51 Squires
42:53 Blast Furnace
42:09 Chain Mail Armor
Connection lost

Rejoining the realm…

Still unreachable

The connection could not be restored.

Session expired

The server has moved on; the page needs a fresh start.